 Dungeon Crawl Stone Soup version 0.27-a0-1181-g5f64966fcc (webtiles) character file.

Game seed: 16050022517132862240

90 bilbop the Magician (level 4, 0/32 HPs)
             Began as a Djinni Venom Mage on May 17, 2021.
             Slain by a goblin
             ... wielding a +0 club
             ... led by Robin
              (3 damage)
             ... on level 2 of the Dungeon.
             The game lasted 00:15:10 (2837 turns).

bilbop the Magician (Djinni Venom Mage)             Turns: 2837, Time: 00:15:11

Health: 0/32       AC:  3    Str:  7    XL:     4   Next: 85%
Gold:   81         EV: 12    Int: 16    God:
                   SH:  0    Dex: 15

rFire    + + .     SeeInvis .   h - +0 dagger
rCold    x . .     Faith    .   (no shield)
rNeg     . . .     Spirit   .   a - +0 robe
rPois    ∞         Reflect  .   k - +0 helmet
rElec    .         Harm     .   (no cloak)
rCorr    .         Rampage  .   (no gloves)
Will     .....                  (boots unavailable)
Stlth    ++........             (no amulet)
HPRegen  0.10/turn              (no ring)
MPRegen  0.00/turn              (no ring)

@: flying, very slightly contaminated
A: sickness immunity, fire resistance 2, cold vulnerability 1, float, innate
caster, hp casting, extra vitality 1
a: no special abilities


You were on level 2 of the Dungeon.
You visited 1 branch of the dungeon, and saw 3 of its levels.

You collected 81 gold pieces.

Inventory:

Hand Weapons
 b - a +0 whip
 h - a +0 dagger (weapon)
Armour
 a - a +0 robe (worn)
 k - a +0 helmet (worn)
Scrolls
 c - 2 scrolls of identify {unknown}
 e - a scroll of amnesia {unknown}
 f - a scroll of enchant armour {unknown}
 g - a scroll of vulnerability {unknown}
 i - a scroll of acquirement {unknown}
 o - a scroll of noise {unknown}
 p - a scroll of summoning {unknown}
Potions
 d - a potion of curing {unknown}
 j - a potion of brilliance {unknown}
 l - a potion of berserk rage {unknown}
 m - a potion of resistance {unknown}
 n - a potion of attraction {unknown}


   Skills:
 + Level 1.3 Fighting
 + Level 1.2 Short Blades
 - Level 2.1 Dodging
 + Level 2.1 Stealth
 * Level 3.1 Spellcasting
 + Level 1.3 Invocations


You couldn't memorise any spells.
You knew the following spells:

 Your Spells              Type           Power      Damage    Failure   Level
a - Sting                 Tmut/Pois      48%        1d5       5%          1
b - Poisonous Vapours     Pois/Air       24%        N/A       8%          2
c - Mephitic Cloud        Conj/Pois/Air  12%        N/A       16%         3
d - Ignite Poison         Fire/Tmut/Pois 12%        N/A       16%         3
e - Olgreb's Toxic Radia  Pois           12%        N/A       45%         4
f - Animate Skeleton      Necr           24%        N/A       5%          1
Your spell library was empty.

Dungeon Overview and Level Annotations

Branches:
Dungeon (3/15)

Altars:
Nemelex Xobeh


Innate Abilities, Weirdness & Mutations

You are immune to sickness and miasma.
You are immune to poison.
Your flesh is very heat resistant. (rF++)
You are vulnerable to cold. (rC-)
You float through the air rather than walking.
You learn spells naturally, not from books.
Your magical power is your life essence.
You have superior vitality. (+4 HP)


Message History

Aiming: Poisonous Vapours (safe; 8% risk of failure)
Press: ? - help, Dir - move target, f/p - Robin
Aim: Robin, wielding a +0 short sword, wearing a +0 animal skin and wearing a +0 helmet (moderately wounded, poisoned) Poisonous vapours surround Robin!
The goblin barely misses you.
Robin looks even sicker.
Robin roars a battlecry!
The goblins go into a battle-frenzy!
The goblin unwields a +0 dagger.
The goblin wields a +0 hunting sling.
The goblin shoots a stone.
The stone closely misses you.
Casting: Poisonous Vapours (safe; 8% risk of failure)
Confirm with . or Enter, or press ? or * to list all spells.
Aiming: Poisonous Vapours (safe; 8% risk of failure)
Press: ? - help, Dir - move target, f/p - Robin
Aim: Robin, wielding a +0 short sword, wearing a +0 animal skin and wearing a +0 helmet (moderately wounded, very poisoned) Poisonous vapours surround Robin!
Robin is engulfed in poison gas.
Robin looks even sicker.
The goblin misses you. Robin misses you.
You fly upwards.
There is a stone staircase leading down here.
Casting: Poisonous Vapours (safe; 8% risk of failure)
Confirm with . or Enter, or press ? or * to list all spells.
Okay, then.
Casting: Poisonous Vapours (safe; 8% risk of failure)
Confirm with . or Enter, or press ? or * to list all spells.
The spell is quite dangerous to cast (16% risk of failure)!
Continue anyway?
You miscast Ignite Poison.
You are very lightly contaminated with residual magic.
Nothing appears to happen.
The goblin hits you with a +0 club.
* * * LOW HITPOINT WARNING * * *
Robin hits you with a +0 short sword.
* * * LOW HITPOINT WARNING * * *
You barely miss Robin.
Robin is almost dead.
The goblin closely misses you. Robin barely misses you.
You hit Robin.
Robin is almost dead.
You kill Robin!
The goblin closely misses you.
You barely miss the goblin. The goblin hits you with a +0 club.
You die...

# #..#.#.#.# ##..##########
###........# #...## ##.#
.....#.#(#.# #.#..## ##.#.
###........###### #.##..#
##.### #.............# #.#.#.#
#.####
#####..######.####..##.####.##.
#................#..####...
###.#######).#####.........#.
#...........@# ##.#.##.#...
#####.....##....g# #.#......#.
..........###....#
####.#..#.#.(. ..........#
#.#.## #...........#.
.#####....# #.#.#
#.####..#.#... ## ##.#.###.#.#
#.# #......#. # #.........# #.#
#.##.#..( # ###.###.### #.#
#.##..... # #.# #.# #.#
#.#####.#


You could see a goblin (strong).

Vanquished Creatures
  Robin (D:2)
  A gnoll (D:1)
  3 worms (D:2)
  A dart slug (D:1)
  10 endoplasms
  A giant cockroach (D:1)
  8 goblins
  3 hobgoblins
  9 jackals
  5 kobolds
  2 ball pythons
  5 bats
  2 rats (D:1)
51 creatures vanquished.

Notes
Turn   | Place    | Note
-------+----------+-------------------------------------------
     0 | D:1      | bilbop the Djinni Venom Mage began the quest for the Orb.
     0 | D:1      | Reached XP level 1. HP: 15/15 MP: 0/0
   341 | D:1      | Upgraded the game from 0.27-a0-1177-g245c70e1c0 to
                  | 0.27-a0-1181-g5f64966fcc
   392 | D:1      | Reached XP level 2. HP: 20/21 MP: 0/0
   581 | D:1      | Reached XP level 3. HP: 20/26 MP: 0/0
   581 | D:1      | Learned a level 1 spell: Animate Skeleton
  1737 | D:2      | Found a sparkling altar of Nemelex Xobeh.
  1748 | D:2      | Reached skill level 1 in Fighting
  1748 | D:2      | Reached skill level 1 in Invocations
  1862 | D:2      | Reached XP level 4. HP: 21/32 MP: 0/0
  1872 | D:2      | Reached skill level 1 in Short Blades
  2120 | D:2      | Reached skill level 3 in Spellcasting
  2826 | D:3      | Noticed Robin
  2836 | D:2      | Killed Robin
  2837 | D:2      | Slain by a goblin

Illustrated notes

Levels and vault maps discovered:
D:1:      heliophobic_arrival_henge, layout_loops_cross,
          hangedman_feature_mirror, st_stairs_7
D:2:      layout_loops_ring, basic_altar, serial_glass, glass_columns_b,
          glass_columns_c, minmay_tetromino_t2
D:3:      layout_loops_cross, grunt_ministairs_14, uniq_ijyb, uniq_robin

Skill      XL: |  1  2  3  4 |
---------------+-------------+-----
Fighting       | 1 |  1.3
Invocations    | 1 |  1.3
Stealth        | 2 |  2.1
Short Blades   | 1 |  1.2
Spellcasting   | 3 |  3.1
Dodging        | |  2.1

Action                   |  1- 3 |  4- 6 || total
-------------------------+-------+-------++-------
Melee: Whip              |    25 |       ||    25
       Dagger            |    11 |    21 ||    32
 Cast: Sting             |    46 |    21 ||    67
       Poisonous Vapours |     3 |    10 ||    13
 Stab: Sleeping          |     1 |     1 ||     2
Armor: Robe              |    17 |     6 ||    23
Dodge: Dodged            |    32 |    27 ||    59

Table legend: (Time is in decaauts)
 A = Elapsed time spent in this place.
 B = Non-inter-level travel time spent in this place.
 C = Inter-level travel time spent in this place.
 D = Time resting spent in this place.
 E = Time spent auto-exploring this place.
 F = Levels seen in this place.
 G = Mean time per level.
                   A        B        C        D        E       F      G
               +--------+--------+--------+--------+--------+-----+--------+
         Total |   2837 |   2799 |     38 |    811 |   1630 |   3 |  945.7 |
       Dungeon |   2837 |   2799 |     38 |    811 |   1630 |   3 |  945.7 |
               +--------+--------+--------+--------+--------+-----+--------+

Top non-repeatable levels by time:
     D:1: 1583 daAuts
     D:2: 1159 daAuts
     D:3: 94 daAuts
